 Dungeon Crawl Stone Soup version 0.18-a0-1797-gc18daef (webtiles) character file.

9715 Chiseanne the Nimble (level 11, -11/169 HPs)
             Began as a Troll Gladiator on Apr 22, 2016.
             Was a Priest of the Shining One.
             Mangled by Xenophilius's ghost (20 damage)
             ... on level 11 of the Dungeon.
             The game lasted 00:37:43 (9234 turns).

Chiseanne the Nimble (Troll Gladiator)              Turns: 9234, Time: 00:37:44

Health: -11/169    AC: 13    Str: 30    XL:     11   Next: 26%
Magic:  7/7        EV: 14    Int:  4    God:    the Shining One [***...]
Gold:   244        SH:  0    Dex: 13    Spells: 2 memorised, 6 levels left

rFire  . . .     SeeInvis .     d - +8 quarterstaff of the Undead {antimagic, MP+9}
rCold  . . .     Gourm    +     B - +4 robe of Ru's Vengeance {Regen+}
rNeg   + . .     Faith    .     (shield currently unavailable)
rPois  .         Spirit   .     b - +1 hat
rElec  .         Dismiss  .     n - +2 cloak {MR+}
rCorr  +         Reflect  .     (gloves unavailable)
SustAt .         Harm     .     (boots unavailable)
MR     +....                    (no amulet)
Stlth  ..........               O - ring of resist corrosion
                                D - ring of wizardry

@: mighty, berserking, glowing, very quick, somewhat resistant to hostile
enchantments, extremely unstealthy
A: unfitting armour, claws 3, talons 1, fast metabolism 3, gourmand,
regeneration 2, shaggy fur 1, tough skin 2
a: Divine Shield, Renounce Religion


You were on level 11 of the Dungeon.
You worshipped the Shining One.
The Shining One was most pleased with you.
You were completely stuffed.

You visited 2 branches of the dungeon, and saw 12 of its levels.

You collected 631 gold pieces.
You spent 387 gold pieces at shops.

Inventory:

Hand Weapons
 a - a +2 flail of protection
 d - the +8 quarterstaff of the Undead (weapon) {antimagic, MP+9}
   (You found it on level 10 of the Dungeon)

   It disrupts the flow of magical energy around spellcasters and certain
   magical creatures (including the wielder).
   It affects your magic capacity (+9).
 s - a +1 giant spiked club
Missiles
 e - 359 stones
 r - 5 throwing nets
 x - 30 bolts
 y - 277 arrows
 H - 10 sling bullets
 J - 13 tomahawks (quivered)
 N - 6 javelins of returning
Armour
 b - a +1 hat (worn)
 n - a +2 cloak of magic resistance (worn)
 B - the +4 robe of Ru's Vengeance (worn) {Regen+}
   (You bought it in a shop on level 4 of the Dungeon)

   It increases your rate of regeneration.
Jewellery
 D - a ring of wizardry (left claw)
 O - a ring of resist corrosion (right claw)
Wands
 c - a wand of lightning (9/15)
 F - a wand of lightning (11/15)
Scrolls
 g - 8 scrolls of remove curse
 k - 2 scrolls of recharging
 p - 2 scrolls of immolation
 t - 3 scrolls of teleportation
 v - 2 scrolls of fog
 E - a scroll of enchant armour
 G - a scroll of identify
 M - 2 scrolls of blinking
Potions
 f - 2 potions of curing
 i - a potion of brilliance
 m - 2 potions of flight
 L - a potion of berserk rage
Books
 o - a book of Minor Magic

   Spells                             Type                      Level
   a - Magic Dart                     Conjuration                  1
   b - Blink                          Translocation                2
   c - Call Imp                       Summoning                    2
   d - Repel Missiles                 Charms/Air                   2
   e - Slow                           Hexes                        2
   f - Conjure Flame                  Conjuration/Fire             3
   g - Mephitic Cloud                 Conjuration/Poison/Air       3
 u - a book of the Sky

   Spells                             Type                      Level
   a - Summon Lightning Spire         Summoning/Air                4
   b - Airstrike                      Air                          4
   c - Silence                        Hexes/Air                    5
   d - Deflect Missiles               Charms/Air                   6
   e - Conjure Ball Lightning         Conjuration/Air              6
   f - Tornado                        Air                          9
 z - a book of Fire

   Spells                             Type                      Level
   a - Ignite Poison                  Fire/Transmutation/Poison    3
   b - Fireball                       Conjuration/Fire             5
   c - Bolt of Fire                   Conjuration/Fire             6
   d - Delayed Fireball               Conjuration/Fire             7
   e - Ring of Flames                 Charms/Fire                  7
 K - a Grand Grimoire

   Spells                             Type                      Level
   a - Monstrous Menagerie            Summoning                    7
   b - Summon Greater Demon           Summoning                    7
   c - Malign Gateway                 Summoning/Translocation      7
   d - Summon Horrible Things         Summoning                    8
 P - a book of Frost

   Spells                             Type                      Level
   a - Freeze                         Ice                          1
   b - Throw Frost                    Conjuration/Ice              2
   c - Ozocubu's Armour               Charms/Ice                   3
   d - Throw Icicle                   Conjuration/Ice              4
   e - Summon Ice Beast               Ice/Summoning                4
Comestibles
 h - 2 slices of pizza
 j - 7 meat rations
 q - a royal jelly
 w - 5 chunks of flesh
 A - 12 beef jerkies
 C - 11 bread rations


   Skills:
 * Level 8.8 Fighting
 - Level 8.8 Throwing
 * Level 9.0 Dodging
 - Level 3.0 Unarmed Combat
 * Level 3.8 Invocations


You had 6 spell levels left.
You knew the following spells:

 Your Spells              Type           Power        Failure   Level  Hunger
a - Blink                 Tloc           N/A          50%         2    ###....
b - Repel Missiles        Chrm/Air       #.....       50%         2    ###....


Dungeon Overview and Level Annotations

Branches:
Dungeon (11/15)            Temple (1/1) D:7            Lair (0/8) D:8
    Orc: D:9-12

Altars:
Ashenzari
Cheibriados
Dithmenos
Elyvilon
Fedhas
Gozag
Kikubaaqudgha
Makhleb
Nemelex Xobeh
Okawaru
Pakellas
Qazlal
Ru
Sif Muna
Trog
Vehumet
Xom
Yredelemnul
Zin
The Shining One

Shops:
D:4 [   D:6 *[}

Annotations:
D:11 Xenophilius's ghost, journeyman TrMo


Innate Abilities, Weirdness & Mutations

You are too large for most types of armour.
You have claws for hands.
Your metabolism is lightning-fast.
You like to eat raw meat.
You heal very quickly.
You are covered in fur (AC +1).
You have very tough skin (AC +2).
You have sharp toenails.


Message History

You feel much better. Xenophilius's ghost hits you.
Drink which item? (? for menu, Esc to quit)
A red film seems to cover your vision as you go berserk!
You feel yourself moving faster!
You feel mighty! Xenophilius's ghost hits you!!
You thump Xenophilius's ghost! Your kick misses Xenophilius's ghost.
Xenophilius's ghost is heavily damaged.
Xenophilius's ghost hits you!!!
* * * LOW HITPOINT WARNING * * *
You hit Xenophilius's ghost. Your kick misses Xenophilius's ghost.
Xenophilius's ghost is heavily damaged.
You barely miss Xenophilius's ghost.
Xenophilius's ghost is heavily damaged.
Xenophilius's ghost hits you!!
* * * LOW HITPOINT WARNING * * *
You hit Xenophilius's ghost. Your kick misses Xenophilius's ghost.
Xenophilius's ghost is heavily damaged.
Xenophilius's ghost says, "You must not succeed where I failed!"
Xenophilius's ghost hits you!!
You die...

#.#.##...######.
#.#....<.#......
#.######.#.#####
#......#.#
#.######.# #.#
#.# #.# #.#
...########.#
#.#
.....aW@..>.#
#.#
#.##.######.#
#.# #.# #.# #.#
#.# ..# ###


You could see a worker ant and Xenophilius's ghost.

Vanquished Creatures
  3 hill giants (D:10)
  2 trolls
  A two-headed ogre (D:10)
  The ghost of Scytalen the Ruffian, an amateur VSMo (D:4)
  3 hungry ghosts
  Menkaure (D:5)
  4 hippogriffs
  A soldier ant (D:10)
  Duvessa (D:4)
  5 orc warriors
  2 sky beasts
  3 necrophages
  An ice beast (D:6)
  A phantom (D:9)
  3 black bears
  7 ogres
  7 centaurs
  A big kobold (D:10)
  4 giant frogs
  Dowan (D:4)
  A wyvern zombie (D:8)
  3 scorpions
  16 killer bees
  A water moccasin skeleton (D:8)
  2 howler monkeys
  3 centaur zombies
  4 crimson imps
  3 hounds
  A quasit (D:3)
  6 jellies
  8 orc priests
  Crazy Yiuf (D:2)
  3 centaur skeletons
  2 giant frog skeletons
  12 worker ants
  3 iguanas
  Natasha (twice) (D:4)
  13 orc wizards
  A killer bee zombie (D:5)
  A hound zombie (D:5)
  3 hound skeletons
  3 gnolls (D:8)
  13 adders
  2 shadow imps (D:8)
  2 oozes
  2 adder skeletons (D:6)
  5 worms
  4 dart slugs
  6 giant geckos
  44 orcs
  10 bats
  11 giant cockroaches
  7 goblins
  8 hobgoblins
  6 jackals
  18 kobolds
  4 quokkas
  A ball python (D:1)
  A giant gecko skeleton (D:9)
  2 giant gecko zombies
  7 giant newts
  A jackal skeleton (D:7)
  2 jackal zombies (D:7)
  5 rats
305 creatures vanquished.

Notes
Turn   | Place    | Note
--------------------------------------------------------------
     0 | D:1      | Chiseanne the Troll Gladiator began the quest for the Orb.
     0 | D:1      | Reached XP level 1. HP: 19/19 MP: 0/0
   109 | D:1      | Reached XP level 2. HP: 28/28 MP: 1/1
   470 | D:1      | Reached XP level 3. HP: 35/35 MP: 2/2
   818 | D:2      | Found an ancient bone altar of Kikubaaqudgha.
   854 | D:2      | Reached skill level 3 in Dodging
   901 | D:2      | Learned a level 2 spell: Blink
   992 | D:2      | Reached XP level 4. HP: 27/44 MP: 3/3
  1136 | D:2      | Noticed Crazy Yiuf
  1144 | D:2      | Killed Crazy Yiuf
  1302 | D:3      | Reached XP level 5. HP: 50/50 MP: 4/4
  1382 | D:3      | Found a shadowy altar of Dithmenos.
  2224 | D:4      | Noticed an ogre
  2224 | D:4      | Noticed Scytalen's ghost (amateur VSMo)
  2384 | D:4      | Found Totat's Armour Emporium.
  2405 | D:4      | Found a deep blue altar of Sif Muna.
  2419 | D:3      | Killed an ogre
  2419 | D:3      | Reached XP level 6. HP: 38/61 MP: 5/5
  2499 | D:4      | Killed Scytalen's ghost
  2499 | D:4      | Reached skill level 4 in Dodging
  2561 | D:4      | Reached XP level 7. HP: 68/68 MP: 6/6
  2603 | D:4      | Learned a level 2 spell: Repel Missiles
  2617 | D:4      | Found a blossoming altar of Fedhas.
  2655 | D:4      | Noticed Natasha
  2665 | D:4      | Killed Natasha
  2806 | D:4      | Noticed Dowan
  2807 | D:4      | Noticed Duvessa
  2829 | D:4      | Killed Duvessa
  2833 | D:4      | Killed Dowan
  2985 | D:4      | Reached skill level 5 in Dodging
  2991 | D:4      | Reached skill level 5 in Throwing
  3106 | D:5      | Entered Level 5 of the Dungeon
  3120 | D:5      | Reached XP level 8. HP: 46/79 MP: 7/7
  3258 | D:5      | Found a shadowy altar of Dithmenos.
  3342 | D:5      | Noticed Menkaure
  3352 | D:5      | Killed Menkaure
  3352 | D:5      | Reached skill level 5 in Fighting
  3707 | D:6      | Found Yhuopu's Armour Shop.
  3832 | D:6      | Found Neisur's Gadget Shop.
  3923 | D:6      | Reached skill level 6 in Dodging
  4175 | D:6      | Found Xaeraxif's Assorted Antiques.
  4318 | D:7      | Reached XP level 9. HP: 57/89 MP: 8/8
  4425 | D:7      | Found a bloodstained altar of Trog.
  4532 | D:7      | Gained mutation: You have sharp toenails. [potion of beneficial mutation]
  4570 | D:7      | Found a staircase to the Ecumenical Temple.
  4609 | Temple   | Entered the Ecumenical Temple
  4847 | Temple   | Became a worshipper of the Shining One
  5375 | D:7      | Found a bloodstained altar of Trog.
  5377 | D:7      | Found a sacrificial altar of Ru.
  5385 | D:7      | Found a shimmering altar of Xom.
  5386 | D:7      | Found an opulent altar of Gozag.
  5442 | D:4      | Noticed Natasha
  5453 | D:4      | Killed Natasha
  5463 | D:4      | Bought the +4 robe of Ru's Vengeance {Regen+} for 387 gold pieces
  5505 | D:6      | Reached skill level 7 in Dodging
  5794 | D:8      | Found a staircase to the Lair.
  5987 | D:8      | Reached * piety under the Shining One
  6267 | D:8      | Reached XP level 10. HP: 83/102 MP: 9/9
  6961 | D:9      | Reached ** piety under the Shining One
  7157 | D:9      | Reached skill level 8 in Dodging
  7645 | D:10     | Entered Level 10 of the Dungeon
  7684 | D:10     | Reached skill level 1 in Invocations
  8101 | D:10     | Noticed a hill giant
  8113 | D:10     | Killed a hill giant
  8665 | D:10     | Noticed a hill giant
  8670 | D:10     | Killed a hill giant
  8670 | D:10     | Reached XP level 11. HP: 113/113 MP: 10/12
  8910 | D:10     | Reached *** piety under the Shining One
  8942 | D:10     | Noticed a hill giant
  8962 | D:10     | Killed a hill giant
  8962 | D:10     | Reached skill level 9 in Dodging
  9138 | D:10     | Got a translucent quarterstaff
  9140 | D:10     | Identified the +8 quarterstaff of the Undead {antimagic, MP+9} (You found it on level 10 of the Dungeon)
  9219 | D:11     | Noticed Xenophilius's ghost (journeyman TrMo)
  9233 | D:11     | HP: 8/169 [Xenophilius's ghost (24)]
  9234 | D:11     | Mangled by Xenophilius's ghost

Vault maps used:
D:1:      matt_arrival_diagonals, grunt_decor_resistance,
          hangedman_abyss_or_decor_lesser_grid, hangedman_decor_push,
          grunt_decor_fettered, interstate_on_off,
          minmay_misc_feat_more_columns, minmay_unequal
D:2:      kiku_gazebo_pond_becter, uniq_crazy_yiuf_cottage
D:3:      nicolae_dithmenos_shadow_blocks
D:4:      marbit_many_paths, lemuel_round_altar, serial_shops, shop_fountains,
          feat_on_display, uniq_duvessa, uniq_natasha
D:5:      overflow_temple_1_default, first_bread, uniq_menkaure
D:6:      serial_shops, shop_fountains, kennysheep_little_box, shop,
          serial_park_tiny_1
D:7:      minitemple, minmay_temple_entry_statues, grunt_ogre_cave,
          trog_ov_bears_minmay
D:8:      lair_0_dummy
D:10:     evilmike_minifort
D:11:     orc_0_dummy, lab_entry_generic, special_room, enter_bailey_2,
          small_statue_alley_a, roderic_roman_lattice
Temple:   oiseaux_autumnal_temple_12

Skill      XL: |  1  2  3  4  5  6  7  8  9 10 11 |
---------------+----------------------------------+-----
Throwing       | 2 3 4 5 6 7 8 |  8.8
Fighting       | 2 3 4 5 7 8 |  8.8
Dodging        | 3 4 5 6 7 8 9 |  9.0
Invocations    | 2 3 |  3.8
Unarmed Combat | |  3.0

Action                   |  1- 3 |  4- 6 |  7- 9 | 10-12 || total
-------------------------+-------+-------+-------+-------++-------
Melee: Unarmed           |   107 |   142 |   472 |   370 ||  1091
       Punch             |       |     2 |     5 |     5 ||    12
       Kick              |       |       |    57 |   131 ||   188
       Quarterstaff      |       |       |       |    13 ||    13
Throw: Throwing net      |       |     3 |       |       ||     3
       Stone             |       |     2 |    11 |       ||    13
       Tomahawk          |       |       |     7 |    27 ||    34
  Use: Scroll            |     7 |     7 |     7 |     3 ||    24
       Potion            |       |     3 |     3 |     4 ||    10
 Stab: Distracted        |       |       |     1 |       ||     1
  Eat: Chunk             |    15 |    12 |    47 |    26 ||   100
       Fruit             |       |       |       |     8 ||     8
       Bread ration      |       |       |       |     2 ||     2
Armor: Robe              |    39 |    52 |   217 |   168 ||   476
       Skin              |       |     2 |       |       ||     2
Dodge: Dodged            |    71 |    99 |   324 |   313 ||   807
